 Dungeon Crawl Stone Soup version 0.30.0-10-gfe55d96785 (webtiles) character file.

Game seed: 14681941564510120561

53 Spectrina the Trooper (level 4, 0/38 HPs)
             Began as a Human Monk on May 15, 2023.
             Slain by a gnoll
             ... wielding a +0 halberd
              (13 damage)
             ... on level 3 of the Dungeon on May 16, 2023.
             The game lasted 00:03:52 (419 turns).

Spectrina the Trooper (Human Monk)                   Turns: 419, Time: 00:03:52

Health: 0/38       AC:  2    Str: 13    XL:     4   Next: 10%
Magic:  4/4        EV: 13    Int: 10    God:
Gold:   11         SH:  0    Dex: 16    Spells: 3/3 levels left

rFire   . . .        c - +1 mace (drain)
rCold   . . .        d - orb {light}
rNeg    . . .        b - +0 robe
rPois   .            (no helmet)
rElec   .            (no cloak)
rCorr   .            (no gloves)
SInv    .            (no boots)
Will    .....        (no amulet)
Stlth   +            (no ring)
HPRegen 0.26/turn    (no ring)
MPRegen 0.09/turn

%: no passive effects
@: glowing
A: no striking features
a: no special abilities


You were on level 3 of the Dungeon.
You visited 1 branch of the dungeon, and saw 3 of its levels.

You collected 11 gold pieces.

Inventory:

Hand Weapons
 a - a +0 mace
 c - a +1 mace of draining (weapon)
Armour
 b - a +0 robe (worn)
 d - an orb of light (worn)
Potions
 e - a potion of curing


   Skills:
 + Level 4.7 Fighting
 - Level 3.0 Maces & Flails
 - Level 3.0 Dodging


You had 3 spell levels left.
You didn't know any spells.
Your spell library contained the following spells:

 Spells                   Type           Power      Damage    Failure   Level
 Foxfire                  Conj/Fire      0%         2x1d4     36%         1
 Fireball                 Conj/Fire      0%         3d3       100%        5
 Plasma Beam              Fire/Air       0%         2x1d11    100%        6
 Starburst                Conj/Fire      0%         6d3       100%        6


Dungeon Overview and Level Annotations

Branches:
Dungeon (3/15)

Altars:


Message History

You hit the gnoll. You drain the gnoll.
The gnoll is severely wounded.
The gnoll hits you with a +0 club.
You thump the gnoll! You drain the gnoll.
You kill the gnoll!
You hit the gnoll but do no damage.
The gnoll is severely wounded.
The gnoll misses you.
A quokka comes into view.
You hit the gnoll. You drain the gnoll.
You kill the gnoll!
You hit the quokka.
The quokka is severely wounded.
The quokka barely misses you.
You barely miss the quokka.
The quokka is severely wounded.
The quokka closely misses you. x2
You hit the quokka but do no damage. You drain the quokka.
You kill the quokka!
Things that are here:
a +0 club; a +0 whip; a quokka corpse A gnoll comes into view.
It is wielding a +0 whip.
The gnoll shouts!
The gnoll moves out of view.
A gnoll comes into view. It is wielding a +0 halberd.
Things that are here:
a +0 club; a +0 whip; a quokka corpse You aren't carrying any items that you can evoke.
The gnoll hits you with a +0 whip!
You hit the gnoll. You drain the gnoll.
The gnoll is severely wounded.
The gnoll closely misses you. The gnoll barely misses you.
You hit the gnoll.
You kill the gnoll!
The gnoll hits you from afar with a +0 halberd!
The gnoll misses you.
You have reached level 4!
You feel agile. The gnoll hits you with a +0 halberd!
You die...

#.##..[.....##..........
#..........###.....#####
#####.###### #.....# #.#
####### #.# #.# #.#
#.###### #..@g..#####.
#####........ #..######
#..# #g.# #..# .g.. #...
.....


You could see a gnoll.

Vanquished Creatures
  3 gnolls (D:3)
  An adder (D:3)
  4 ball pythons
  2 bats (D:2)
  An endoplasm (D:2)
  3 quokkas (D:3)
  A kobold (D:2)
  3 rats (D:2)
18 creatures vanquished.

Notes
Turn   | Place    | Note
-------+----------+-------------------------------------------
     0 | D:1      | Spectrina the Human Monk began the quest for the Orb.
     0 | D:1      | Reached XP level 1. HP: 18/18 MP: 1/1
   121 | D:2      | Reached XP level 2. HP: 16/24 MP: 2/2
   211 | D:3      | Reached skill level 4 in Fighting
   211 | D:3      | Reached XP level 3. HP: 15/30 MP: 3/3
   419 | D:3      | Reached XP level 4. HP: 13/38 MP: 4/4
   419 | D:3      | Slain by a gnoll

Illustrated notes

Levels and vault maps discovered:
D:1:      giann_forest_graveyard, layout_loops_ring, serial_bayou_lagoon_a,
          minmay_surrounded
D:2:      layout_loops_corners, basic_altar, lexackson_kobold_supper
D:3:      layout_loops_ring, minmay_misc_feat_x,
          hangedman_decor_clover_reticule, bh_walls_and_bars

Skill      XL: |  1  2 |
---------------+-------+-----
Fighting       | 4 |  4.7
Maces & Flails | |  3.0
Dodging        | |  3.0

Action                     |  1- 3 |  4- 6 || total
---------------------------+-------+-------++-------
  Melee: Mace              |    46 |       ||    46
    Use: Potion            |     2 |       ||     2
 Armour: Robe              |     7 |       ||     7
  Dodge: Dodged            |    50 |       ||    50
